 Dungeon Crawl Stone Soup version 0.29.1-14-g9c671dbff4 (webtiles) character file.

Game seed: 1491167748447518729

287 zeram the Covered (level 6, -4/36 HPs)
             Began as a Deep Elf Fighter on Feb 19, 2023.
             Slain by a black bear (10 damage)
             ... on level 3 of the Dungeon.
             The game lasted 00:03:24 (2470 turns).

zeram the Covered (Deep Elf Fighter)                Turns: 2470, Time: 00:03:24

Health: -4/36      AC: 13    Str: 13    XL:     6   Next: 8%
Magic:  12/12      EV:  3    Int: 15    God:
Gold:   176        SH:  5    Dex: 14    Spells: 11/11 levels left

rFire   . . .      SeeInvis .   a - +0 rapier
rCold   . . .      Faith    .   c - +0 buckler
rNeg    . . .      Spirit   .   j - +0 plate armour
rPois   .          Reflect  .   (no helmet)
rElec   .          Harm     .   f - +0 cloak
rCorr   .          Rampage  .   (no gloves)
Will    .....                   (no boots)
Stlth   ..........              (no amulet)
HPRegen 0.12/turn               (no ring)
MPRegen 0.13/turn               (no ring)

@: no status effects
A: no striking features
a: no special abilities


You were on level 3 of the Dungeon.
You visited 1 branch of the dungeon, and saw 3 of its levels.

You collected 176 gold pieces.

Inventory:

Hand Weapons
 a - a +0 rapier (weapon)
Armour
 c - a +0 buckler (worn)
 f - a +0 cloak (worn)
 j - a +0 plate armour (worn)
Wands
 s - a wand of flame (14)
Scrolls
 b - a scroll of identify
 e - a scroll of fear {unknown}
 h - a scroll of magic mapping
 k - 2 scrolls of butterflies {unknown}
 o - a scroll of enchant weapon {unknown}
 p - a scroll of vulnerability {unknown}
 q - a scroll of poison {unknown}
Potions
 d - a potion of might
 g - a potion of cancellation {unknown}
 i - 2 potions of flight
 l - a potion of brilliance {unknown}
 m - a potion of haste {unknown}
 n - a potion of curing {unknown}
 r - a potion of degeneration {unknown}


   Skills:
 - Level 2.6 Fighting
 - Level 2.1 Short Blades
 + Level 4.2 Armour
 + Level 1.1 Dodging
 + Level 3.5 Shields
 * Level 3.1 Spellcasting


You had 11 spell levels left.
You didn't know any spells.
Your spell library was empty.

Dungeon Overview and Level Annotations

Branches:
Dungeon (3/15)

Altars:
Dithmenos


Message History

The black bear barely misses you.
You hit the black bear.
The black bear is heavily wounded.
The black bear completely misses you. You block the black bear's attack.
The black bear claws you but does no damage.
You hit the black bear.
The black bear is severely wounded.
The black bear bites you but does no damage.
The black bear claws you.
The black bear claws you but does no damage.
You barely miss the black bear.
The black bear is severely wounded.
The black bear bites you. The black bear claws you.
The black bear claws you but does no damage.
You hit the black bear but do no damage.
The black bear is severely wounded.
The black bear bites you.
The black bear claws you but does no damage. x2
You hit the black bear.
The black bear is severely wounded.
The black bear goes berserk!
You hit the black bear but do no damage.
The black bear is severely wounded.
You block the black bear's attack.
The black bear claws you but does no damage.
You block the black bear's attack. The black bear barely misses you.
The black bear claws you but does no damage.
You block the black bear's attack.
You hit the black bear but do no damage.
The black bear is severely wounded.
The black bear bites you.
* * * LOW HITPOINT WARNING * * *
You block the black bear's attack. The black bear completely misses you.
The black bear barely misses you. The black bear claws you.
* * * LOW HITPOINT WARNING * * *
The black bear claws you but does no damage.
You hit the black bear.
The black bear is severely wounded.
The black bear bites you!
You die...

.................##
..................###
....................#
....................#
.........†..........#
....................#
....................#
....................#
................@...#
................h.......
.....................##.
.....#........?.......#
.....#..................
................
########.....#. ......


You could see a black bear (berserk).

Vanquished Creatures
  Sigmund (D:2)
  Crazy Yiuf (D:2)
  2 adders (D:2)
  3 worms (D:2)
  3 dart slugs (D:1)
  5 orcs (D:3)
  5 bats
  5 endoplasms
  2 giant cockroaches (D:1)
  6 goblins
  2 hobgoblins (D:2)
  2 jackals (D:2)
  4 kobolds (D:1)
  2 quokkas
  5 ball pythons
  3 frilled lizards
  3 rats
54 creatures vanquished.

Notes
Turn   | Place    | Note
-------+----------+-------------------------------------------
     0 | D:1      | zeram the Deep Elf Fighter began the quest for the Orb.
     0 | D:1      | Reached XP level 1. HP: 13/13 MP: 3/3
   219 | D:1      | Reached XP level 2. HP: 18/18 MP: 4/4
   535 | D:1      | Found a faded altar of an unknown god.
   663 | D:1      | Reached XP level 3. HP: 21/22 MP: 5/5
  1029 | D:2      | Reached skill level 3 in Armour
  1372 | D:2      | Found a runed translucent door.
  1373 | D:2      | Noticed Crazy Yiuf
  1435 | D:2      | Found a shadowy altar of Dithmenos.
  1547 | D:2      | Reached skill level 1 in Spellcasting
  1863 | D:2      | Reached XP level 4. HP: 20/27 MP: 7/7
  2174 | D:2      | Noticed Sigmund
  2203 | D:2      | Killed Sigmund
  2204 | D:2      | Reached skill level 4 in Armour
  2204 | D:2      | Reached skill level 1 in Dodging
  2204 | D:2      | Reached XP level 5. HP: 22/31 MP: 8/11
  2364 | D:2      | Killed Crazy Yiuf
  2365 | D:2      | Reached XP level 6. HP: 33/36 MP: 12/12
  2470 | D:3      | Slain by a black bear

Illustrated notes

Levels and vault maps discovered:
D:1:      lemuel_arrival_hallway, layout_basic, ebering_ecumenical_altar_box
D:2:      layout_rooms, basic_altar, uniq_crazy_yiuf_cottage, uniq_sigmund
D:3:      layout_basic, general_overflow_altar, kennysheep_cross_room,
          minmay_misc_feat_rugged, uniq_natasha

Skill      XL: |  1  2  3  4  5 |
---------------+----------------+-----
Armour         | 3 4 |  4.2
Spellcasting   | 1 2 3 |  3.1
Shields        | 3 |  3.5
Dodging        | 1 |  1.1
Fighting       | |  2.6
Short Blades   | |  2.1

Action                   |  1- 3 |  4- 6 || total
-------------------------+-------+-------++-------
Melee: Rapier            |   154 |    61 ||   215
  Use: Scroll            |     2 |       ||     2
       Potion            |     1 |     3 ||     4
Armor: Scale mail        |     5 |       ||     5
       Plate armour      |   109 |    63 ||   172
Dodge: Dodged            |    35 |    16 ||    51
Block: Buckler           |    41 |    18 ||    59
